AoeStats
← 白鹿城拉车车

Nomad

508877670Analyzed
4v4 RM · 7d ago on Sep 24, 2026· 55m 46s· 8 players
Game mode
Random Map
Map size
231×231
Population
200
Speed
Normal
Resources
Standard
Victory
Conquest
Starting age
Dark Age
Ending age
Imperial Age
RankedLock teamsTeams togetherTeam positionsShared explorationLock speedFull tech treeHidden civsTurbo modeCheats
Victory
Defeat
🇨🇳 Saxons · China
1370
+14
1354
+15
🇨🇦 Burgundians · Canada
1256
+19
1166
+21
🇨🇳 Varangians · China
1403
-21
🇨🇳 Italians · China
1336
-18
🇨🇳 Danes · China
1316
-17
🇨🇳 Koreans · China
1209
-13
Mythrender
5:52 Loom
10:17 Double-Bit Axe
14:35 Fishing Lines
16:44 Wheelbarrow
19:06 Feudal Age
19:02 Gold Mining
19:46 Arson
19:22 Man-at-Arms
20:36 Stone Mining
21:22 Gold Shaft Mining
22:00 Stone Shaft Mining
23:28 Castle Age
21:34 Gillnets
26:13 Murder Holes
28:30 Bow Saw
29:00 Forging
28:56 Scale Barding Armor
28:55 Horse Collar
30:12 Heavy Plow
33:21 Ballistics
35:21 Iron Casting
36:10 Chain Barding Armor
37:15 Crop Rotation
37:42 Burgundian Vineyards
41:50 Imperial Age
39:37 Hand Cart
43:09 Hoardings
43:41 Chemistry
42:42 Elite Coustillier
43:58 Hoardings
44:46 Blast Furnace
44:22 Plate Barding Armor
47:00 Elite Skirmisher
52:29 Two-Man Saw
白鹿城拉车车
13:54 Feudal Age
17:44 Castle Age
15:55 Fishing Lines
17:05 Fletching
17:16 Double-Bit Axe
18:06 Gold Mining
18:57 Bow Saw
19:49 Bodkin Arrow
22:41 Padded Archer Armor
24:48 Wheelbarrow
23:59 Loom
24:53 Wheelbarrow
26:59 Stone Mining
30:22 Leather Archer Armor
32:22 Ballistics
44:24 Imperial Age
44:09 Gillnets
45:33 Bracer
48:10 Horse Collar
50:38 Conscription
52:43 Two-Man Saw
54:13 Scale Mail Armor
54:23 Forging
53:54 Elite Hearth Troop
55:07 Town Watch
56:15 Chain Mail Armor
微操大师蒋中正
5:19 Loom
13:59 Feudal Age
18:10 Castle Age
16:16 Double-Bit Axe
19:10 Squires
19:37 Scale Mail Armor
20:16 Squires
20:24 Squires
20:12 Arson
20:30 Squires
20:52 Forging
23:50 Arson
30:32 Chain Mail Armor
35:41 Fletching
35:46 Pikeman
36:26 Fishing Lines
39:50 Horse Collar
43:39 Imperial Age
40:55 Town Watch
41:46 Wheelbarrow
41:20 Gillnets
43:12 Gambesons
44:05 Iron Casting
43:26 Bodkin Arrow
43:59 Gold Mining
44:11 Elite Varangian Guard
45:27 Capped Ram
46:59 Bracer
47:49 Conscription
50:28 Hand Cart
50:59 Stone Mining
51:56 Padded Archer Armor
52:57 Blast Furnace
52:28 Plate Mail Armor
52:25 Elite Skirmisher
53:38 Leather Archer Armor
55:32 Heavy Plow
重案组之虎曹达华JESSEJAMES
5:46 Loom
17:47 Feudal Age
21:26 Castle Age
19:30 Stone Mining
33:07 Horse Collar
33:21 Double-Bit Axe
34:16 Bow Saw
34:12 Heavy Plow
36:05 Wheelbarrow
35:38 Gold Mining
37:19 Hand Cart
40:57 Imperial Age
39:56 Scale Barding Armor
40:10 Husbandry
40:21 Bloodlines
41:11 Chain Barding Armor
41:32 Forging
41:28 Tusk Swords
42:18 Gold Shaft Mining
42:46 Plate Barding Armor
42:18 Elite Battle Elephant
44:24 Iron Casting
44:35 Conscription
46:31 Blast Furnace
46:33 Fletching
48:12 Heavy Scorpion
49:24 Double Crossbow
51:16 Chemistry
50:37 Ballistics
50:15 Bodkin Arrow
54:48 Bracer
看谁不爽肘谁
12:30 Loom
15:39 Feudal Age
17:02 Double-Bit Axe
19:44 Castle Age
18:56 Gold Mining
19:10 Scale Mail Armor
18:56 Horse Collar
19:59 Forging
21:22 Chain Mail Armor
21:44 Iron Casting
33:01 Wheelbarrow
45:43 Bow Saw
46:19 Stone Mining
49:06 Coinage
54:09 Imperial Age
53:22 Hand Cart
52:53 Town Watch
55:12 Chain Mail Armor
55:57 Blast Furnace
56:25 Conscription
崽仔
3:56 Loom
16:28 Feudal Age
17:10 Double-Bit Axe
17:17 Gold Mining
17:57 Fletching
20:05 Wheelbarrow
25:39 Castle Age
26:38 Medium Warships
26:45 Bodkin Arrow
28:27 Horse Collar
29:02 Bow Saw
34:04 Clinker Construction
34:08 Careening
38:25 Hand Cart
40:58 Clinker Construction
40:51 Stone Mining
44:25 Imperial Age
42:41 Stone Shaft Mining
44:07 Padded Archer Armor
45:39 Heavy Warships
46:19 Chemistry
47:45 Conscription
53:17 Guilds
02287
5:14 Loom
14:08 Feudal Age
18:15 Castle Age
16:43 Double-Bit Axe
17:53 Fishing Lines
17:57 Horse Collar
18:58 Forging
18:58 Scale Barding Armor
26:32 Wheelbarrow
29:23 Fletching
31:36 Gold Mining
32:28 Stone Mining
33:26 Hand Cart
32:56 Town Watch
34:47 Iron Casting
36:36 Stone Shaft Mining
40:06 Imperial Age
38:32 Chain Barding Armor
38:32 Treadmill Crane
39:35 Bodkin Arrow
40:51 Bloodlines
40:42 Husbandry
41:16 Conscription
40:37 Elite Jarl
42:37 Plate Barding Armor
43:03 Blast Furnace
42:28 Guilds
43:02 Siege Engineers
43:19 Ballistics
44:54 Chemistry
44:19 Bracer
47:22 Light Cavalry
49:32 Hussar
52:52 Scale Mail Armor
52:13 Pikeman
52:53 Squires
天下第一假分哥
3:39 Loom
17:21 Feudal Age
21:20 Castle Age
20:10 Double-Bit Axe
20:22 Stone Mining
31:31 Bow Saw
31:33 Fishing Lines
32:13 Horse Collar
36:52 Wheelbarrow
39:09 Heavy Plow
41:46 Fletching
43:15 Bodkin Arrow
43:25 Gold Mining
46:32 Imperial Age
45:14 Thumb Ring
48:18 Chemistry
48:00 Bracer
50:02 Conscription
52:42 Hand Cart
Connection lost

Rejoining the realm…

Still unreachable

The connection could not be restored.

Session expired

The server has moved on; the page needs a fresh start.